 Dungeon Sprint DCSS version 0.30.1-11-g7821555f0a (webtiles) character file.

Game seed: 2626059515704030846

592 booth the Fighter (level 7, -9/78 HPs)
             Began as a Minotaur Fighter on Nov 29, 2023.
             Mangled by Sonja
             ... wielding a +2 short sword of distortion
              (14 damage)
             ... in the Dungeon (Sprint I: "Red Sonja").
             The game lasted 00:03:31 (459 turns).

booth the Fighter (Minotaur Fighter)                 Turns: 459, Time: 00:03:32

Health: -9/78      AC:  7    Str: 20    XL:     7   Next: 16%
Magic:  6/6        EV: 10    Int:  5    God:
Gold:   111        SH:  5    Dex: 12    Spells: 6/6 levels left

rFire   . . .        a - +0 war axe
rCold   . . .        c - +0 buckler
rNeg    . . .        b - +0 scale mail
rPois   +            (helmet restricted)
rElec   .            (no cloak)
rCorr   .            (no gloves)
SInv    .            (no boots)
Will    .....        (no amulet) Stlth
                     f - ring of poison resistance
HPRegen 0.33/turn    (no ring)
MPRegen 0.10/turn

%: no teleportation
@: hasted, very quick
A: horns 2, retaliatory headbutt
a: no special abilities


You were in the Dungeon.
You visited 1 branch You collected 351 gold pieces.
You spent 240 gold pieces at shops.

Inventory:

Hand Weapons
 a - a +0 war axe (weapon)
Armour
 b - a +0 scale mail (worn)
 c - a +0 buckler (worn)
Jewellery
 f - a ring of poison resistance (left hand)
Wands
 k - a wand of iceblast (13)
Scrolls
 j - a scroll of blinking
Potions
 d - a potion of might
 e - 2 potions of curing
 h - 2 potions of magic
 i - a potion of berserk rage


   Skills:
 + Level 12.9 Fighting
 * Level 12.1 Axes
 - Level 5.3 Armour
 + Level 3.1 Dodging
 + Level 1.0 Stealth
 - Level 5.0 Shields


You had 6 spell levels left.
You didn't know any spells.
Your spell library was empty.

Dungeon Overview and Level Annotations

Branches:
Dungeon (1/1)

Altars:
Cheibriados
Dithmenos
Elyvilon
Fedhas
Gozag
Hepliaklqana
Kikubaaqudgha
Makhleb
Nemelex Xobeh
Okawaru
Qazlal
Ru
Sif Muna
Trog
Uskayaw
Vehumet
Wu Jian
Xom
Yredelemnul
Zin
The Shining One
Jiyva
Lugonu

Shops:
D =

Annotations:
D Sonja


Innate Abilities, Weirdness & Mutations

You have a pair of horns on your head.
You reflexively headbutt those who attack you in melee.


Message History

Sonja, the Graceful Assassin comes into view.
She is wielding a +2 short sword of distortion, quivering curare-tipped darts and carrying a wand of flame (5).
Sonja shouts!
Found 108 gold pieces.
You feel yourself speed up.
You completely miss Sonja.
Sonja mumbles some strange words.
Sonja blinks!
Sonja zaps a wand.
The puff of flame hits you.
You miss Sonja.
Sonja hits you with a +2 short sword of distortion!
Space warps around you. You block Sonja's attack.
Sonja hits you with a +2 short sword of distortion.
Space warps horribly around you!
You barely miss Sonja. You completely miss Sonja. Your headbutt misses Sonja.
Sonja casts a spell.
Sonja blinks!
Sonja hits you but does no damage. Space warps horribly around you!!
Sonja barely misses you.
Sonja hits you with a +2 short sword of distortion.
Space warps around you.
* * * LOW HITPOINT WARNING * * *
You slash Sonja! Your headbutt misses Sonja.
Sonja is heavily wounded.
Sonja hits you but does no damage.
Sonja hits you with a +2 short sword of distortion.
* * * LOW HITPOINT WARNING * * *
Sonja hits you with a +2 short sword of distortion!
* * * LOW HITPOINT WARNING * * *
You barely miss Sonja. Your headbutt misses Sonja.
Sonja is heavily wounded.
Sonja zaps a wand.
The puff of flame hits you.
* * * LOW HITPOINT WARNING * * *
You miss Sonja.
Sonja is heavily wounded.
Sonja barely misses you.
Sonja hits you with a +2 short sword of distortion.
* * * LOW HITPOINT WARNING * * *
Space warps horribly around you!
You die...

######################
#<.#.)'..#..'..#__#..+
#..)..#..)..#..'..'..#
#..#####+#####'#__####
#..### #...#.####
#..#__####..##.#
#..#_____##'#_.+
#⌠⌠#_.∩...K@.._#
####_..__##_.#+#
#_____###'# #######
#.# $.$ $.$# ##.## #+#


You could see Sonja.

Vanquished Creatures
  A slime creature (D)
  Sigmund (D)
  A yak (D)
  An ogre (D)
  A jelly (D)
  Ijyb (D)
6 creatures vanquished.

Notes
Turn   | Place    | Note
-------+----------+-------------------------------------------
     0 | D        | booth the Minotaur Fighter began the quest for the Orb.
     0 | D        | Reached XP level 1. HP: 19/19 MP: 0/0
     2 | D        | Noticed Ijyb
     9 | D        | Killed Ijyb
    10 | D        | Reached skill level 5 in Fighting
    10 | D        | Reached skill level 5 in Armour
    10 | D        | Reached skill level 5 in Shields
    10 | D        | Reached XP level 2. HP: 25/29 MP: 1/1
    30 | D        | Noticed an ogre
    37 | D        | Killed an ogre
    38 | D        | Reached skill level 1 in Dodging
    38 | D        | Reached XP level 3. HP: 40/40 MP: 2/2
    38 | D        | Reached XP level 4. HP: 48/48 MP: 3/3
    43 | D        | Noticed Sigmund
    73 | D        | Killed Sigmund
    74 | D        | Reached skill level 10 in Fighting
    74 | D        | Reached XP level 5. HP: 18/59 MP: 4/4
   232 | D        | Found a burning altar of Makhleb.
   232 | D        | Found a viscous altar of Jiyva.
   232 | D        | Found a shimmering altar of Xom.
   232 | D        | Found a corrupted altar of Lugonu.
   232 | D        | Noticed a slime creature
   240 | D        | Killed a slime creature
   241 | D        | Reached XP level 6. HP: 36/70 MP: 5/5
   368 | D        | Found an ornate altar of the Wu Jian Council.
   368 | D        | Found a shimmering blue altar of Sif Muna.
   370 | D        | Found a radiant altar of Vehumet.
   402 | D        | Found Kupix's Jewellery Emporium.
   402 | D        | Found an ancient bone altar of Kikubaaqudgha.
   402 | D        | Found a hazy altar of Hepliaklqana.
   402 | D        | Found a stormy altar of Qazlal.
   402 | D        | Found a hide-covered altar of Uskayaw.
   402 | D        | Found a blossoming altar of Fedhas.
   402 | D        | Found a bloodstained altar of Trog.
   402 | D        | Found an iron altar of Okawaru.
   402 | D        | Found a basalt altar of Yredelemnul.
   402 | D        | Found a glowing golden altar of the Shining One.
   402 | D        | Found a snail-covered altar of Cheibriados.
   402 | D        | Found a sacrificial altar of Ru.
   402 | D        | Found a glowing silver altar of Zin.
   402 | D        | Found a shadowy altar of Dithmenos.
   402 | D        | Found a white marble altar of Elyvilon.
   402 | D        | Noticed a yak
   407 | D        | Killed a yak
   408 | D        | Reached skill level 1 in Stealth
   408 | D        | Reached XP level 7. HP: 67/78 MP: 6/6
   408 | D        | Found an opulent altar of Gozag.
   409 | D        | Found a sparkling altar of Nemelex Xobeh.
   413 | D        | Bought a ring of poison resistance for 240 gold pieces
   447 | D        | Noticed Sonja
   459 | D        | Mangled by Sonja

Illustrated notes

Levels and vault maps discovered:
D:        dungeon_sprint_1 [red_sonja_temple_1, red_sonja_temple_small_1]

Skill      XL: |  1  2  3  4  5  6 |
---------------+-------------------+-----
Fighting       | 5 7 10 12 | 12.9
Axes           | 3 6 9 11 12 | 12.1
Armour         | 5 |  5.3
Shields        | 5 |  5.0
Dodging        | 1 2 3 |  3.1
Stealth        | 1 |  1.0

Action                     |  1- 3 |  4- 6 |  7- 9 || total
---------------------------+-------+-------+-------++-------
  Melee: War axe           |    10 |    29 |     7 ||    46
         Headbutt          |     3 |     9 |       ||    12
    Use: Potion            |       |     2 |     1 ||     3
 Armour: Scale mail        |     1 |     4 |     2 ||     7
  Dodge: Dodged            |     5 |       |     2 ||     7
  Block: Buckler           |     2 |     3 |     1 ||     6
